Cogmind - Beta 15 @@@ ROGUE MODE // 2025.06.21 @ 07:47:05 Player: Fleshy Vegetable Bird Result: Destroyed by Autobeam Turret with Autobeam Performance ------------- Evolutions (0) 0 Regions Visited (2) 400 Robots Destroyed (22) 110 Value Destroyed (534) 534 Prototype IDs (11) 220 Alien Tech Used (0) 0 Bonus (0) 0 TOTAL SCORE: 1264 Bonus ------- None Cogmind --------- Core Integrity 0/250 Matter 300/300 Energy 125/125 System Corruption 1% Temperature Cool (12) Movement Rolling (140) Ox4 Location -10/Subcaves Parts ------- > --- POWER (1) -------- Light Ion Engine > --- PROPULSION (2) --- Wheel Wheel > --- UTILITY (2) ------ Huge Storage Unit > --- WEAPON (2) ------- Hammer > --- INVENTORY (25) --- Subdweller Power Source Subdweller Power Source Subdweller Power Source Subdweller Power Source Subdweller Power Source Subdweller Power Source Cargo Legs Wheel Subdweller Monowheel Subdweller Monowheel Subdweller Monowheel Subdweller Optics Subdweller Optics Scrap Shield Subdweller Laser Subdweller Laser Subdweller Machine Gun Makeshift Shrapnel Gun Mining Laser Multitool Peak State ------------ > --- POWER ------------ Light Ion Engine > --- PROPULSION ------- Wheel Wheel > --- UTILITY ---------- Huge Storage Unit Subdweller Optics > --- WEAPON ----------- Assault Rifle Makeshift Shrapnel Gun > --- INVENTORY -------- Light Ion Engine Subdweller Power Source Subdweller Power Source Subdweller Power Source Subdweller Power Source Subdweller Power Source Subdweller Power Source Cargo Legs Wheel Subdweller Monowheel Subdweller Monowheel Subdweller Monowheel Subdweller Monowheel Subdweller Optics Subdweller Optics Subdweller Optics Scrap Shield Subdweller Laser Subdweller Laser Light Assault Rifle Subdweller Machine Gun Mining Laser Hammer [Rating: 16] Favorites ----------- Power Light Ion Engine Engine Light Ion Engine Propulsion Wheel Wheel Wheel Utility Huge Storage Unit Device Subdweller Optics Storage Huge Storage Unit Weapon Light Assault Rifle Ballistic Gun Light Assault Rifle Special Weapon Mining Laser Impact Weapon Hammer Build | -11 -10 -10 ------- Run | Yrd Mat Sub Slots Evolved . | . . . Power . | . . . Propulsion . | . . . Utility . | . . . Weapon . | . . . Parts Attached 23 | 5 2 16 Power 2 | 1 . 1 Engine 2 | 1 . 1 Core . | . . . Reactor . | . . . Propulsion 9 | 1 1 7 Treads . | . . . Leg . | . . . Wheel 9 | 1 1 7 Hover . | . . . Flight . | . . . Utility 5 | 1 1 3 Device 3 | . 1 2 Storage 2 | 1 . 1 Processor . | . . . Hackware . | . . . Protection . | . . . Artifact . | . . . Weapon 7 | 2 . 5 Energy Gun . | . . . Energy Cannon . | . . . Ballistic Gun 5 | 2 . 3 Ballistic Cannon . | . . . Launcher . | . . . Special Weapon 1 | . . 1 Impact Weapon 1 | . . 1 Slashing Weapon . | . . . Piercing Weapon . | . . . Special Melee Weapon . | . . . Unidentified Prototypes . | . . . Parts Lost 8 | . . 8 Power 1 | . . 1 Propulsion 4 | . . 4 Utility 1 | . . 1 Weapon 2 | . . 2 Highest Loss Streak 3 | . . 3 To Critical Strikes . | . . . Average Backups 17 | 1 6 20 Power 5 | . . 6 Propulsion 4 | . 2 5 Utility 2 | . . 3 Weapon 4 | . 2 5 Tool/Special . | . . . Unused Backups 19 | . . 19 Power 6 | . . 6 Propulsion 5 | . . 5 Utility 4 | . . 4 Weapon 3 | . . 3 Tool/Special 1 | . . 1 Average Slot Usage (%) 97 | . 98 97 Engine 14 | . 14 14 Wheel 27 | . 26 27 Device 12 | . 14 12 Storage 14 | . 14 14 Ballistic Gun 22 | . 28 21 Special Weapon 2 | . . 3 Impact Weapon 2 | . . 2 Peak Build Rating 16 | 5 7 16 Average Rating 11 | 4 6 12 On Entrance 4 | . 5 7 Naked Turns . | . . . Heaviest Build 89 | 11 12 89 Greatest Support 40 | 10 20 40 Greatest Overweight (x) 8 | 1 1 8 Average Overweight (x) 3 | . . 3 Largest Inventory Capacity 25 | 8 8 25 Average Capacity 21 | 7 8 24 Most Carried 25 | 5 8 25 Average Carried 19 | 1 6 21 Final Capacity 25 | 8 8 25 Final Carried 22 | 5 8 22 Class Distribution -------------------- 52% | Scavenger-Mutant 47% | Mutant Dominant Class ---------------- Mutant | -10/Materials Scavenger-Mutant | -10/Subcaves Resources | -11 -10 -10 ----------- Run | Yrd Mat Sub Matter Collected 912 | 321 53 538 Remotely . | . . . Salvage Created 978 | 162 83 733 Parts 62 | 15 12 35 Haulers Intercepted . | . . . Recyclers Shooed 1 | 1 . . Parts Field Recycled . | . . . Retrieved Matter . | . . . Parts Self-Destructed 14 | . . 14 Prevented . | . . . Kills | -11 -10 -10 ------- Run | Yrd Mat Sub Combat Hostiles Destroyed 17 | . 6 11 Guns 15 | . 6 9 Classes Destroyed 6 | 2 1 3 Tunneler 4 | 4 . . Recycler 1 | 1 . . Swarmer 6 | . 6 . Artisan 1 | . . 1 Cobbler 1 | . . 1 Subdweller 11 | . . 11 Best Kill Streak 3 | 2 3 2 Combat Bots Only 3 | . 3 2 Max Kills in Single Turn 2 | 1 2 1 Gunslinging 1 | . 1 . Exploded . | . . . Melee . | . . . Uniques/NPCs Destroyed . | . . . Combat | -11 -10 -10 -------- Run | Yrd Mat Sub Hostile Shots Fired 120 | . 22 98 Missed 51 | . 8 43 Hits 69 | . 14 55 Projectile 69 | . 14 55 Damage Taken 1060 | . 120 940 Core 252 | . 22 230 Absorbed by Shields . | . . . Core Remaining (%) 100 | 100 . . Volleys Fired 115 | 18 17 80 Largest 2 | 2 2 2 Hottest 120 | 40 40 120 Shots Fired 223 | 36 34 153 Gun 215 | 36 34 145 Cannon . | . . . Launcher . | . . . Special 8 | . . 8 Kinetic 215 | 36 34 145 Thermal 8 | . . 8 Explosive . | . . . Electromagnetic . | . . . Robot Hit Streak 26 | 4 3 26 Robot Miss Streak 5 | 1 5 3 Penetration Max . | . . . Secondary Targets 1 | . 1 . Max Gunslinging Chain 1 | . 1 . Shots Hit Robots 161 | 22 15 124 Core Hits 57 | 8 8 41 Critical Kills . | . . . Critical Parts Destroyed 5 | 1 1 3 Critical Strikes 5 | 1 1 3 Destroy 3 | 1 1 1 Smash 2 | . . 2 Melee Attacks 36 | . . 36 Impact 36 | . . 36 Slashing . | . . . Piercing . | . . . Sneak Attacks 1 | . . 1 Combat Hostiles 1 | . . 1 Follow-up Attacks . | . . . Damage Inflicted 1949 | 228 171 1550 Guns 1684 | 228 171 1285 Cannons . | . . . Explosions . | . . . Melee 265 | . . 265 Ramming . | . . . Kinetic 1684 | 228 171 1285 Thermal . | . . . Explosive . | . . . Electromagnetic . | . . . Impact 265 | . . 265 Slashing . | . . . Piercing . | . . . Highest Corruption 1 | . . 1 Average Corruption 1 | . . 1 Corruption Purged . | . . . Corruption Blocked . | . . . Effects 3 | . . 3 Heat Flow Errors 1 | . . 1 Energy Discharges 1 | . . 1 Data Loss (minor) 1 | . . 1 Overload Shots . | . . . Overflow Damage 85 | . . 85 Projectiles . | . . . Explosions . | . . . Melee 85 | . . 85 Knockbacks 2 | . . 2 Impact 2 | . . 2 Kinetic . | . . . Secondary . | . . . Self-Inflicted Damage . | . . . Shots . | . . . Rammed . | . . . Targets Rammed . | . . . Kicked . | . . . Crushed . | . . . Highest Temperature 148 | . . 148 Average Temperature 91 | . . 91 Received Heat Transfer 243 | . . 243 Siege Activations . | . . . Martial Activations . | . . . Shielding Activations . | . . . Robots Disrupted . | . . . Combat Hostiles . | . . . Robots Corrupted 2 | . . 2 Combat Hostiles 2 | . . 2 Parts Fried 2 | . . 2 Impact Corruptions 4 | . . 4 Robots Melted . | . . . Combat Hostiles . | . . . Parts Melted . | . . . Heat Transferred . | . . . Parts Sabotaged . | . . . Parts Stolen . | . . . Parts Stripped . | . . . Power Chain Reactions . | . . . Alert | -11 -10 -10 ------- Run | Yrd Mat Sub Maximum Alert Level . | . . . Low Security (%) 100 | 100 100 . Level 1 . | . . . Level 2 . | . . . Level 3 . | . . . Level 4 . | . . . Level 5 . | . . . High Security . | . . . Max Security . | . . . Peak Influence 125 | 5 125 . Initial . | . . . Average 40 | 1 71 . Influence Increases 180 | 25 155 . Destroy 0b10 Robot/C 120 | . 120 . Destroy 0b10 Robot/NC 25 | 25 . . Destroy Leader 20 | . 20 . Lose Combat Pursuer 15 | . 15 . Influence Decreases 180 | 25 80 75 Entered New Map 37 | . . 37 Time Decay 143 | 25 80 38 Squads Dispatched 1 | . 1 . Investigation . | . . . Extermination . | . . . Reinforcement 1 | . 1 . Assault . | . . . Garrison . | . . . Intercept . | . . . Searches Triggered . | . . . Construction Impeded . | . . . Haulers Reinforced . | . . . Active Scanning Responses . | . . . Cargo Convoy Interrupts . | . . . Stealth | -11 -10 -10 --------- Run | Yrd Mat Sub Distress Signals . | . . . Communications Jammed . | . . . Distress Signals . | . . . Times Spotted 24 | . 7 17 Peak Tracking Total 6 | . 4 6 Tactical Retreats 1 | . 1 . Traps | -11 -10 -10 ------- Run | Yrd Mat Sub Traps Triggered . | . . . Indirectly . | . . . Trap Hack Attempts . | . . . Triggered . | . . . Disarmed . | . . . Reprogrammed . | . . . Reused . | . . . Traps Extracted . | . . . Installed . | . . . Triggered . | . . . Machines | -11 -10 -10 ---------- Run | Yrd Mat Sub Machines Disabled 1 | . . 1 Max in Single Turn 1 | . . 1 Machines Repaired . | . . . Machines Dismantled . | . . . Machines Sabotaged . | . . . Overloaded Fab Kills . | . . . Hacking | -11 -10 -10 --------- Run | Yrd Mat Sub Machines Accessed 2 | . . 2 Terminals . | . . . Fabricators . | . . . Repair Stations . | . . . Recycling Units . | . . . Scanalyzers . | . . . Garrison Access . | . . . Total Hacks 6 | . . 6 Successful 6 | . . 6 Failed . | . . . Catastrophic . | . . . Database Lockouts . | . . . Manual . | . . . Terminals . | . . . Fabricators . | . . . Repair Stations . | . . . Recycling Units . | . . . Scanalyzers . | . . . Garrison Access . | . . . Terminal Hacks 6 | . . 6 Record 5 | . . 5 Proto ID Catalog 1 | . . 1 Fabricator Hacks . | . . . Repair Station Hacks . | . . . Recycling Unit Hacks . | . . . Scanalyzer . | . . . Garrison Access Hacks . | . . . Unauthorized Hacks . | . . . Terminals . | . . . Fabricators . | . . . Repair Stations . | . . . Recycling Units . | . . . Scanalyzers . | . . . Garrison Access . | . . . Data Cores Recovered . | . . . Used . | . . . Hacking Detections . | . . . Full Trace Events . | . . . Feedback Events . | . . . Feedback Blocked . | . . . Robot Schematics Acquired . | . . . Robots Built . | . . . Authchips . | . . . Time . | . . . Total Robot Build Rating . | . . . Part Schematics Acquired . | . . . Parts Built . | . . . Authchips . | . . . Time . | . . . Total Part Build Rating . | . . . Parts Repaired . | . . . Time . | . . . Parts Recycled . | . . . Recycled Matter . | . . . Retrieved Matter . | . . . Retrieved Components . | . . . Parts Scanalyzed . | . . . Part Schematics Acquired . | . . . Parts Damaged . | . . . Bothacking | -11 -10 -10 ------------ Run | Yrd Mat Sub Used RIF Installer . | . . . Robots Hacked . | . . . Non-combat . | . . . Combat . | . . . Robot Hacks Applied . | . . . Relay Couplers Released . | . . . Fabnet Peak Effective % . | . . . Robots Rewired . | . . . Allies Hacked . | . . . Hacks Repelled . | . . . Allies | -11 -10 -10 -------- Run | Yrd Mat Sub Total Allies . | . . . Largest Group . | . . . Highest-Rated Group . | . . . Highest-Rated Ally . | . . . Total Orders . | . . . Ally Attacks . | . . . Total Damage . | . . . Kills . | . . . Allies Corrupted . | . . . Allies Melted . | . . . Intel | -11 -10 -10 ------- Run | Yrd Mat Sub Active Infowar (turns) 1433 | . 186 1247 Optics 858 | . . 858 Seismic 575 | . 186 389 Robot Analysis Total . | . . . Derelict Logs Recovered 2 | . . 2 Drone Launches . | . . . Drone Recoveries . | . . . Exploration | -11 -10 -10 ------------- Run | Yrd Mat Sub Turns Passed 2372 | 144 187 2041 Spaces Moved 1355 | 88 91 1176 Core 4 | 4 . . Treads . | . . . Legs . | . . . Wheels 1351 | 84 91 1176 Hover . | . . . Flight . | . . . Fastest Speed 50 | 50 80 80 Average Speed 131 | 93 81 138 Slowest Speed 200 | 100 95 200 Overloaded Moves . | . . . Propulsion Burnouts . | . . . Robots Hopped . | . . . Potential Cave-ins 3 | . . 3 Cave-ins Triggered 2 | . . 2 Exploration Rate (%) 30 | 5 23 64 Regions Visited 2 Branch Regions 1 Pre-discovered Areas . | . . . Known Exits Taken . | . . . Unknown Exits Taken 2 | 1 1 . Scrap Searched . | . . . Spaces Dug 11 | . . 11 Terrain Destroyed 11 | . . 11 Melee 11 | . . 11 Projectile . | . . . AOE . | . . . Terrain Rammed . | . . . Walls Destroyed . | . . . Machines Disabled . | . . . Actions | -11 -10 -10 --------- Run | Yrd Mat Sub Total 1658 | 115 173 1370 Wait 82 | . 59 23 Move 1353 | 87 90 1176 Hop . | . . . Pick Up 33 | 5 5 23 Fast Attach 8 | 5 . 3 Attach 10 | . 2 8 Detach 1 | . . 1 Swap 11 | . . 11 Drop 9 | . . 9 Fire 115 | 18 17 80 Melee 36 | . . 36 Ram . | . . . Kick . | . . . Crush . | . . . Escape Stasis . | . . . Rewire . | . . . Trap . | . . . Miscellaneous . | . . . Route ------- -11/Scrapyard -10/Materials -10/Subcaves (discovered 3 exits: [*Mat x2] / *Rec) History --------- Turn | Location | Event 2 | -11/Scrapyard | Met Revision 17 20 | -11/Scrapyard | Discovered new exit (range 16) 145 | -11/Scrapyard | Entered Materials 301 | -10/Materials | Discovered new exit (range 8) 309 | -10/Materials | Build established: Mutant 332 | -10/Materials | Entered Subcaves 333 | -10/Subcaves | Approached by a straggling Scientist 335 | -10/Subcaves | Learned location of 1 exit from Materials 843 | -10/Subcaves | Shifting Twisted Machinery released Mak. Shrapnel Gun 846 | -10/Subcaves | Shifting Twisted Machinery released Flamer 933 | -10/Subcaves | Discovered new exit (range 10) 951 | -10/Subcaves | Discovered new exit (range 10) 969 | -10/Subcaves | Visited Clippyterm 973 | -10/Subcaves | Identified exit to Recycling 973 | -10/Subcaves | Learned Factory garrison access intel 1110 | -10/Subcaves | Build established: Scavenger-Mutant 1142 | -10/Subcaves | Visited 4L-MR0's lab 1160 | -10/Subcaves | Found Cargo Legs 1336 | -10/Subcaves | A swath of the cavern ceiling suddenly collapsed 1400 | -10/Subcaves | Shifting Twisted Machinery released Humpback 1400 | -10/Subcaves | Shifting Twisted Machinery released Sub. Optics 1849 | -10/Subcaves | A swath of the cavern ceiling suddenly collapsed 1928 | -10/Subcaves | Core integrity fell below 50% 2050 | -10/Subcaves | Core integrity fell below 20% 2060 | -10/Subcaves | Crushed by falling debris 2092 | -10/Subcaves | Lost 3 parts (1p2n) 2097 | -10/Subcaves | Ambushed by Subdweller buried in earth 2344 | -10/Subcaves | Crushed by falling debris 2373 | -10/Subcaves | Destroyed by Autobeam Turret with Autobeam Last Messages --------------- 02239_ Sub. Optics shoots sparks and powers down. 02242_ Dropped Broken Sub. Optics. 02246_ Subatomizers dissect the Broken Sub. Optics. 02253_ Acquired Multitool. 02257_ Dropped Sub. Monowheel. 02257_ Acquired Wheel. 02260_ Subatomizers dissect the Broken Sub. Optics. 02261_ Acquired Wheel. 02268_ System corrupted: Component data lost. 02344_ The unstable cave ceiling collapses. 02344_ Crushed by falling debris. 02362_ S-10 Pest springs to life. 02365_ S-10 Pest destroyed. 02367_ Acquired 10 matter. 02369_ Flight Unit fries itself beyond repair. 02369_ Lgt. Assault Rifle destroyed. 02371_ S-10 Pest destroyed. Map ----- +----------------------------------------------------+ | ???????????????????## "! ## "##?????????????? | | ????????????????????# " ## ""#?????????????? | | ????????????????##### "" ### ""##?????????????? | | #???????????????# !" ##?##""#??????????????? | | #???????????????# ##" ##??# #?????????????? | | ##??????????????## # # " #??## ##?????????????? | | "#??????????????# #### ### #????##??????????????? | | ####?????###????###??###?## #????????????????????? | | """#######"#??????????????###????????????????????? | | ""#""" ""#?????????????????????????????????????? | | ###"#####""###???????????????????????????????????? | | "#"#" ##"#%#&#???????????????????????????????????? | | "###"""#"# #%#???????????????????????????????????? | | ##?##""### #]&#??????????????????????????????????? | | ????####?######??????????????????????????????????? | | ?###?????????????????????????????????????????????? | | ## #?????????????????????????????????????????????? | | #?????????????????????????????????????????????? | | ##?????????????????????????????????????????????? | | ###??????????????????????????????????????????????? | | #####???????????????????###??????????????????????? | | ##??????????????#####>#####??????????????????? | | ##?????????????#"""" """"#??????????????????? | | ######????????#" " " "#??????????????????? | | ##???????#" t t "#??????????????????? | | ######### @ #??????????????????? | | ### #"## #??????????????????? | | ##?## #"#" "#??????????????????? | | #???#### ##### %s####?? #????????????? | | ##??????## #???# *[#??? ?????????????? | | ##?##?????# #???# #?# #?????????????? | | ##?## ?????# #####%[ # # #?????????????? | | #??# ???## = #??????????????? | | #?## ?## #???????????????? | | #### ## ### ##???????????????? | | ### ### ##???#????????????????? | | ## ##??##?????????????????????? | | ## ## ##?????????????????????????? | | ????# #?## ####??????????????????????? | | ???## #### #??????????????????????? | | # ???### ##?????????????????????? | | ? ????## ## #?????????????????????? | | ? ????## ## #?????????????????????? | | ? ????#### ## ##??##?????????????????? | | ? ??????# #?## #?????????????????? | | ? ##????## ## #?????????????????? | | ##?????# #?? #?????????????? | | ## #??????## ## ##? #?????????????? | | #?####???????# ### ## #?????????????? | | ?????????????# #?## #??????????????? | +----------------------------------------------------+ Best States ------------- Heat Dissipation 25 Energy Generation 10 Energy Capacity 125 Matter Stores 300 Matter Capacity 300 Sight Range 21 Terrain Scan Density 10 Evasion (%) 44 Item Schematics ----------------- None Robot Schematics ------------------ None Fabricated ------------ Nothing Repaired ---------- Nothing Alien Tech Used ----------------- None Achievements -------------- None Challenges ------------ None Game ------ Seed SurgeBraceCrosscalibrator Manual? 0 Play Time 00:16:20 Cumulative 388.2 hours Start 2025.06.21 @ 07:29:41 End 2025.06.21 @ 07:47:05 Sessions 1 Manual Loads 0 Difficulty Rogue Special Mode None Game No. 432 Rogue 432 Adventurer 0 Explorer 0 Win Type - Total 6 Types 3/1/1/1/0/0/0/0/0/0 Lore% 73 Gallery% 71 Achievement% 68 Wizard Run 0 Options --------- Layout 1 ASCII 0 Keyboard 0 Movement Numpad Keybinds 0 Fullscreen 1 Font 32/SmallcapsGlow Map View 50x35 Zoom Use 0% Tactical HUD 1 Map Filters NONE Filters NONE Steam 1 RUN: c939efe8-6083-4ff5-a668-0274e5acfa55